WCHLSIM.com - West Coast Hockey League
html PUBLIC "-//W3C//DTD XHTML 1.0 Transitional//EN" "http://www.w3.org/TR/xhtml1/DTD/xhtml1-transitional.dtd"> WCHL - Game 653 - LOS ANGELES SEALS vs SPOKANE KNIGHTS

LOS ANGELES SEALS vs SPOKANE KNIGHTS

Created - 18 février 2021 at 22:00

Goals
1 2 3 T
LOS ANGELES SEALS 2 0 1 3
SPOKANE KNIGHTS 0 1 3 4
Shots
1 2 3 T
LOS ANGELES SEALS 8 10 3 21
SPOKANE KNIGHTS 9 10 10 29

1st period

1. LOS ANGELES SEALS , Jeff Carter 10 (Jack Roslovic 11, Marcus Johansson 18) at 6:56
2. LOS ANGELES SEALS , Marcus Johansson 7 (Jeff Carter 10, Jack Roslovic 12) at 13:25

Penalties :
No Penalty

2nd period

3. SPOKANE KNIGHTS , Cale Makar 4 (Patrick Kane 30, Matthew Tkachuk 29) at 15:38 (PP)

Penalties :
Jeff Carter (LOS) for Roughing (Minor) at 1:06, Antti Suomela (LOS) for Slashing (Minor) at 11:57, Nate Prosser (LOS) for Hooking (Minor) at 15:14, Patrice Bergeron (SPO) for Hooking (Minor) at 16:46

3rd period

4. LOS ANGELES SEALS , Kevin Rooney 1 (Darren Helm 8, Marcus Johansson 19) at 10:27
5. SPOKANE KNIGHTS , Sebastian Aho 28 (Patrick Kane 31) at 12:04
6. SPOKANE KNIGHTS , Patrick Kane 16 (Sebastian Aho 27) at 14:39
7. SPOKANE KNIGHTS , Matthew Tkachuk 8 (Blake Wheeler 37, Patrice Bergeron 21) at 15:42

Penalties :
Blake Wheeler (SPO) for Hooking (Minor) at 7:39, Tyler Pitlick (SPO) for Tripping (Minor) at 8:24

Goalie Stats

Carter Hutton (LOS), 25 saves from 29 shots - (0,862), L, 7-20-1, 59:00 minutes
Mike Smith (SPO), 18 saves from 21 shots - (0,857), W, 11-5-2, 60:00 minutes

Players Stats for LOS ANGELES SEALS

Player Name              G  A  P  +/- PIM S  H  SB GA TA FO     MP     PP MP  PK MP  
------------------------------------------------------------------------------------
Antti Suomela            0  0  0  -1  2   0  0  0  0  0  0/0    12:57   0:00   0:00 
Austin Watson            0  0  0   0  0   1  2  0  0  0  0/0     8:22   0:00   0:00 
Chris Conner             0  0  0  -1  0   0  0  0  0  0  5/12   13:29   0:00   0:00 
Darren Helm              0  1  1  -1  0   3  3  0  0  0  0/0    16:06   1:57   0:40 
Emil Bemstrom            0  0  0   0  0   0  0  0  0  0  0/0     8:22   0:00   0:00 
Frank Corrado            0  0  0  -2  0   0  2  4  0  0  0/0    15:57   0:00   0:00 
Jack Roslovic            0  2  2   2  0   4  2  2  0  0  9/26   21:07   2:46   2:15 
Jeff Carter              1  1  2   2  2   2  2  1  0  0  0/0    20:52   2:46   1:03 
Kevin Rooney             1  0  1   0  0   2  0  0  0  0  3/6     8:19   0:00   0:00 
Marcus Johansson         1  2  3   2  0   2  2  0  0  0  0/0    19:01   1:57   0:00 
Marcus Pettersson        0  0  0   1  0   0  5  2  0  0  0/0    21:51   3:07   2:24 
Nate Prosser             0  0  0  -2  2   0  2  0  0  0  0/0    19:30   1:36   1:58 
Noah Dobson              0  0  0   1  0   1  0  2  0  0  0/0    17:40   0:00   0:00 
Patrick Maroon           0  0  0  -1  0   2  1  2  0  0  4/8    16:57   1:57   1:59 
Ryan Murray              0  0  0   2  0   0  1  0  0  0  0/0    21:09   3:07   2:00 
Shayne Gostisbehere      0  0  0   0  0   1  0  0  0  0  0/0    21:56   1:36   2:22 
Turner Elson             0  0  0  -1  0   0  1  1  0  0  4/12   12:58   0:00   0:00 
Tyler Johnson            0  0  0  -1  0   3  1  0  0  0  3/4    19:02   2:46   2:47 

Players Stats for SPOKANE KNIGHTS

Player Name              G  A  P  +/- PIM S  H  SB GA TA FO     MP     PP MP  PK MP  
------------------------------------------------------------------------------------
Blake Wheeler            0  1  1   1  2   5  0  0  0  0  1/1    20:35   2:04   0:00 
Cale Makar               1  0  1   1  0   3  0  0  0  0  0/0    21:32   2:04   0:00 
Dan Hamhuis              0  0  0   0  0   0  0  0  0  0  0/0     1:08   0:00   1:08 
Gabriel Bourque          0  0  0  -1  0   0  0  0  0  0  0/0     7:59   0:00   0:00 
Gaetan Haas              0  0  0  -1  0   0  0  0  0  0  5/12    7:34   0:00   0:00 
Garnet Hathaway          0  0  0  -1  0   1  2  0  0  0  0/0     7:34   0:00   0:00 
Jared Spurgeon           0  0  0  -1  0   3  2  0  0  0  0/0    23:36   2:18   1:56 
Lias Andersson           0  0  0  -1  0   0  0  0  0  0  3/5     8:23   0:00   0:24 
Mario Ferraro            0  0  0   0  0   0  1  0  0  0  0/0    11:56   0:00   0:26 
Matthew Tkachuk          1  1  2   1  0   4  2  0  0  0  0/0    20:24   2:46   0:00 
Nick Foligno             0  0  0   1  0   0  3  0  0  0  2/4    20:59   1:36   2:35 
Patrice Bergeron         0  1  1   1  2   2  0  0  0  0  16/23  20:49   1:36   1:01 
Patrick Kane             1  2  3   1  0   4  3  0  0  0  2/2    20:54   2:46   0:00 
Roman Polak              0  0  0   0  0   0  1  1  0  0  0/0    17:06   0:00   2:21 
Sebastian Aho            1  1  2   1  0   4  0  0  0  0  11/19  21:59   2:46   1:29 
Tyler Pitlick            0  0  0  -2  2   1  1  0  0  0  0/0    15:06   0:00   0:51 
Valeri Nichushkin        0  0  0   1  0   1  2  0  0  0  0/2    21:24   1:36   2:39 
Victor Hedman            0  0  0  -1  0   1  2  0  0  0  0/0    25:02   2:18   2:47 

3 Stars

1 - Patrick Kane (SPO)
2 - Marcus Johansson (LOS)
3 - Matthew Tkachuk (SPO)

Power Play

LOS ANGELES SEALS - 0 on 3 Attempt(s) - 0,00%
SPOKANE KNIGHTS - 1 on 3 Attempt(s) - 33,33%

Penalty Kill

LOS ANGELES SEALS - 2 on 3 Attempt(s) - 66,67% - Score 0 goal in Penalty Kill
SPOKANE KNIGHTS - 3 on 3 Attempt(s) - 100,00% - Score 0 goal in Penalty Kill

Team Stat

LOS ANGELES SEALS - Hits : 24 - Faceoff Wins : 28 - Blocked Shots : 14 - Penalty Minutes : 6
SPOKANE KNIGHTS - Hits : 19 - Faceoff Wins : 40 - Blocked Shots : 1 - Penalty Minutes : 6

Official

Referees : Brian Pochmara and Dan O'Rourke
Linesman : Julien Fournier and Jim Harper

Game Notes

No Game Note

Finance

Level 1 -- Attendance: 7154 (85,68%) -- Ticket Income 1 130 332 $
Level 2 -- Attendance: 5350 (87,70%) -- Ticket Income 668 750 $
Level 3 -- Attendance: 2141 (89,21%) -- Ticket Income 222 664 $
Level 4 -- Attendance: 4990 (83,17%) -- Ticket Income 304 390 $
Luxury Box -- Attendance: 989 (86,00%) -- Ticket Income 318 458 $
Total Attendance: 20624 (85,93%)
Total Ticket Income: 2 644 594 $
Other Expense: 26 446 $
Total Income: 2 618 148 $

LOS ANGELES SEALS

5 vs 5 Forward 
   Center                   Left Wing                Right Wing               Time % Phy DF OF 
 1 Jack Roslovic            Marcus Johansson         Jeff Carter              36     1   2  2  
 2 Chris Conner             Tyler Johnson            Darren Helm              31     1   2  2  
 3 Turner Elson             Patrick Maroon           Antti Suomela            23     1   2  2  
 4 Kevin Rooney             Austin Watson            Emil Bemstrom            10     1   2  2  

5 vs 5 Defense 
   Defense                  Defense                                           Time % Phy DF OF 
 1 Ryan Murray              Marcus Pettersson                                 36     1   2  2  
 2 Noah Dobson              Shayne Gostisbehere                               31     1   2  2  
 3 Nate Prosser             Frank Corrado                                     23     1   2  2  
 4 Shayne Gostisbehere      Marcus Pettersson                                 10     1   2  2  

PowerPlay Forward 
   Center                   Left Wing                Right Wing               Time % Phy DF OF 
 1 Patrick Maroon           Marcus Johansson         Darren Helm              55     1   2  2  
 2 Jack Roslovic            Tyler Johnson            Jeff Carter              45     1   2  2  

PowerPlay Defense
   Defense                  Defense                                           Time % Phy DF OF 
 1 Ryan Murray              Marcus Pettersson                                 55     1   2  2  
 2 Nate Prosser             Shayne Gostisbehere                               45     1   2  2  

Penalty Kill 4 Players Forward 
   Center                   Wing                     Time % Phy DF OF 
 1 Tyler Johnson            Jack Roslovic            55     1   2  2  
 2 Patrick Maroon           Jeff Carter              45     1   2  2  

Penalty Kill 4 Players Defense
   Defense                  Defense                  Time % Phy DF OF 
 1 Ryan Murray              Marcus Pettersson        55     1   2  2  
 2 Nate Prosser             Shayne Gostisbehere      45     1   2  2  

Penalty Kill - 3 Players Forward 
   Forward                                           Time % Phy DF OF 
 1 Jeff Carter                                       55     1   2  2  
 2 Patrick Maroon                                    45     1   2  2  

Penalty Kill - 3 Players Defense
   Defense                  Defense                  Time % Phy DF OF 
 1 Ryan Murray              Marcus Pettersson        55     1   2  2  
 2 Nate Prosser             Shayne Gostisbehere      45     1   2  2  

4 vs 4 Forward 
   Center                   Wing                     Time % Phy DF OF 
 1 Patrick Maroon           Marcus Johansson         55     1   2  2  
 2 Tyler Johnson            Jeff Carter              45     1   2  2  

4 vs 4 Defense
   Defense                  Defense                  Time % Phy DF OF 
 1 Ryan Murray              Marcus Pettersson        55     1   2  2  
 2 Nate Prosser             Shayne Gostisbehere      45     1   2  2  

Last Minutes Offensive
   Center                   Left Wing                Right Wing               Defense                  Defense                  
   Jack Roslovic            Marcus Johansson         Jeff Carter              Ryan Murray              Marcus Pettersson        

Last Minutes Defensive
   Center                   Left Wing                Right Wing               Defense                  Defense                  
   Jack Roslovic            Marcus Johansson         Jeff Carter              Ryan Murray              Marcus Pettersson        

Goaltenders
Starting : Carter Hutton            
Backup : Casey DeSmith            

Extra Forwards
Normal : Patrick Maroon, Jeff Carter, Tyler Johnson - PP : Patrick Maroon, Tyler Johnson - PK : Patrick Maroon
Extra Defensemen
Normal : Nate Prosser, Marcus Pettersson, Shayne Gostisbehere - PP : Nate Prosser - PK : Nate Prosser, Marcus Pettersson
Penalty Shots
Marcus Johansson, Jack Roslovic, Patrick Maroon, Jeff Carter, Tyler Johnson
Custom OT Lines Forwards
Jack Roslovic, Marcus Johansson, Jeff Carter, Austin Watson, Tyler Johnson, Patrick Maroon, Antti Suomela, Chris Conner, Kevin Rooney, Emil Bemstrom
Custom OT Lines Defensemen
Ryan Murray, Marcus Pettersson, Noah Dobson, Shayne Gostisbehere, Nate Prosser

Scratches
Bo Horvat (Abdominal Strain Injury), Jonathan Ericsson (Back Injury), Adam Boqvist (Sore Right Knee Injury), Lukas Radil (Healthy)

SPOKANE KNIGHTS

5 vs 5 Forward 
   Center                   Left Wing                Right Wing               Time % Phy DF OF 
 1 Patrice Bergeron         Matthew Tkachuk          Blake Wheeler            40     1   1  3  
 2 Sebastian Aho            Valeri Nichushkin        Patrick Kane             40     1   1  3  
 3 Gaetan Haas              Garnet Hathaway          Tyler Pitlick            10     1   3  1  
 4 Lias Andersson           Gabriel Bourque          Tyler Pitlick            10     1   3  1  

5 vs 5 Defense 
   Defense                  Defense                                           Time % Phy DF OF 
 1 Victor Hedman            Jared Spurgeon                                    40     1   2  2  
 2 Cale Makar               Roman Polak                                       30     1   2  2  
 3 Mario Ferraro            Nick Foligno                                      20     1   3  1  
 4 Cale Makar               Nick Foligno                                      10     1   3  1  

PowerPlay Forward 
   Center                   Left Wing                Right Wing               Time % Phy DF OF 
 1 Sebastian Aho            Matthew Tkachuk          Patrick Kane             60     1   1  3  
 2 Patrice Bergeron         Nick Foligno             Valeri Nichushkin        40     1   1  3  

PowerPlay Defense
   Defense                  Defense                                           Time % Phy DF OF 
 1 Cale Makar               Blake Wheeler                                     60     0   1  4  
 2 Jared Spurgeon           Victor Hedman                                     40     0   1  4  

Penalty Kill 4 Players Forward 
   Center                   Wing                     Time % Phy DF OF 
 1 Nick Foligno             Valeri Nichushkin        55     1   3  1  
 2 Sebastian Aho            Tyler Pitlick            45     1   3  1  

Penalty Kill 4 Players Defense
   Defense                  Defense                  Time % Phy DF OF 
 1 Victor Hedman            Roman Polak              60     1   3  1  
 2 Dan Hamhuis              Jared Spurgeon           40     1   3  1  

Penalty Kill - 3 Players Forward 
   Forward                                           Time % Phy DF OF 
 1 Patrice Bergeron                                  60     0   5  0  
 2 Sebastian Aho                                     40     0   5  0  

Penalty Kill - 3 Players Defense
   Defense                  Defense                  Time % Phy DF OF 
 1 Valeri Nichushkin        Victor Hedman            60     0   5  0  
 2 Nick Foligno             Jared Spurgeon           40     0   5  0  

4 vs 4 Forward 
   Center                   Wing                     Time % Phy DF OF 
 1 Patrice Bergeron         Blake Wheeler            50     1   2  2  
 2 Sebastian Aho            Patrick Kane             50     1   2  2  

4 vs 4 Defense
   Defense                  Defense                  Time % Phy DF OF 
 1 Jared Spurgeon           Victor Hedman            60     1   2  2  
 2 Cale Makar               Valeri Nichushkin        40     1   2  2  

Last Minutes Offensive
   Center                   Left Wing                Right Wing               Defense                  Defense                  
   Patrice Bergeron         Matthew Tkachuk          Patrick Kane             Sebastian Aho            Victor Hedman            

Last Minutes Defensive
   Center                   Left Wing                Right Wing               Defense                  Defense                  
   Patrice Bergeron         Nick Foligno             Blake Wheeler            Sebastian Aho            Victor Hedman            

Goaltenders
Starting : Mike Smith               
Backup : Frederik Andersen        

Extra Forwards
Normal : Gaetan Haas, Garnet Hathaway, Tyler Pitlick - PP : Patrick Kane, Matthew Tkachuk - PK : Lias Andersson
Extra Defensemen
Normal : Dan Hamhuis, Mario Ferraro, Cale Makar - PP : Mario Ferraro - PK : Mario Ferraro, Cale Makar
Penalty Shots
Patrice Bergeron, Patrick Kane, Sebastian Aho, Blake Wheeler, Matthew Tkachuk
Custom OT Lines Forwards
Patrice Bergeron, Blake Wheeler, Sebastian Aho, Patrick Kane, Matthew Tkachuk, Nick Foligno, Valeri Nichushkin, Lias Andersson, Gaetan Haas, Garnet Hathaway
Custom OT Lines Defensemen
Victor Hedman, Jared Spurgeon, Cale Makar, Roman Polak, Mario Ferraro

Scratches
Justin Abdelkader (Right Hand Injury)

% Time on Ice - LOS ANGELES SEALS

Lines # - Real PCT - Wanted PCT - Time Play
Normal Forward
1 - 31% - 36% - 15:54
2 - 27% - 31% - 13:29
3 - 26% - 23% - 12:58
4 - 16% - 10% - 8:19
Normal Defense
1 - 33% - 36% - 16:48
2 - 33% - 31% - 16:29
3 - 31% - 23% - 15:54
4 - 3% - 10% - 1:29
PP Forward
1 - 41% - 55% - 1:57
2 - 59% - 45% - 2:46
PP Defense
1 - 66% - 55% - 3:07
2 - 34% - 45% - 1:36
PK Forward
1 - 64% - 55% - 2:47
2 - 36% - 45% - 1:35
PK Defense
1 - 46% - 55% - 2:00
2 - 54% - 45% - 2:22
PK3 Forward
1 - 0% - 55%
2 - 0% - 45%
PK3 Defense
1 - 0% - 55%
2 - 0% - 45%
44 Forward
1 - 0% - 55%
2 - 0% - 45%
44 Defense
1 - 0% - 55%
2 - 0% - 45%
Last Minute Offensive  - 0:15
Last Minute Defensive  - 0:00
Total
Forward - 60:00
Defense - 60:00

% Time on Ice - SPOKANE KNIGHTS

Lines # - Real PCT - Wanted PCT - Time Play
Normal Forward
1 - 35% - 40% - 17:38
2 - 34% - 40% - 17:09
3 - 15% - 10% - 7:34
4 - 16% - 10% - 7:59
Normal Defense
1 - 38% - 40% - 19:22
2 - 29% - 30% - 14:45
3 - 23% - 20% - 11:30
4 - 9% - 10% - 4:43
PP Forward
1 - 63% - 60% - 2:46
2 - 37% - 40% - 1:36
PP Defense
1 - 47% - 60% - 2:04
2 - 53% - 40% - 2:18
PK Forward
1 - 64% - 55% - 2:13
2 - 36% - 45% - 1:16
PK Defense
1 - 67% - 60% - 2:21
2 - 33% - 40% - 1:08
PK3 Forward
1 - 82% - 60% - 1:01
2 - 18% - 40% - 0:13
PK3 Defense
1 - 35% - 60% - 0:26
2 - 65% - 40% - 0:48
44 Forward
1 - 0% - 50%
2 - 0% - 50%
44 Defense
1 - 0% - 60%
2 - 0% - 40%
Last Minute Offensive  - 0:00
Last Minute Defensive  - 0:35
Total
Forward - 60:00
Defense - 60:00

Play-by-Play

1st period


0:01 of 1st period - Patrice Bergeron wins face-off versus Jack Roslovic in neutral zone.
0:58 of 1st period - Shot by Tyler Johnson.
0:58 of 1st period - Shot Misses the Net.
1:00 of 1st period - Shot by Tyler Johnson.
1:00 of 1st period - Shot Misses the Net.
1:02 of 1st period - Shot by Tyler Johnson.
1:02 of 1st period - Shot Misses the Net.
1:04 of 1st period - Shot by Darren Helm.
1:04 of 1st period - Stopped by Mike Smith without a rebound.
1:05 of 1st period - Patrick Kane wins face-off versus Turner Elson in SPOKANE KNIGHTS zone.
1:05 of 1st period - Patrick Kane is hit by Turner Elson.
1:16 of 1st period - Shot by Sebastian Aho.
1:16 of 1st period - Shot Misses the Net.
1:20 of 1st period - Shot by Valeri Nichushkin.
1:20 of 1st period - Shot Misses the Net.
1:22 of 1st period - Shot by Sebastian Aho.
1:22 of 1st period - Stopped by Carter Hutton with a rebound.
1:38 of 1st period - Patrick Kane is hit by Nate Prosser and loses puck.
1:43 of 1st period - Shot by Patrick Kane.
1:43 of 1st period - Shot Misses the Net.
2:54 of 1st period - Shot by Patrice Bergeron.
2:54 of 1st period - Shot Misses the Net.
3:17 of 1st period - Icing by Ryan Murray.
3:18 of 1st period - Sebastian Aho wins face-off versus Kevin Rooney in LOS ANGELES SEALS zone.
3:37 of 1st period - Shot by Patrick Kane.
3:37 of 1st period - Shot Misses the Net.
3:39 of 1st period - Shot by Valeri Nichushkin.
3:39 of 1st period - Shot Misses the Net.
3:41 of 1st period - Shot by Valeri Nichushkin.
3:41 of 1st period - Stopped by Carter Hutton without a rebound.
3:42 of 1st period - Jack Roslovic wins face-off versus Lias Andersson in LOS ANGELES SEALS zone.
4:21 of 1st period - Jack Roslovic is hit by Nick Foligno and loses puck.
5:59 of 1st period - Patrick Kane is hit by Frank Corrado and loses puck.
6:22 of 1st period - Shot by Kevin Rooney.
6:22 of 1st period - Shot Misses the Net.
6:38 of 1st period - Shot by Marcus Johansson.
6:38 of 1st period - Stopped by Mike Smith with a rebound.
6:56 of 1st period - Shot by Jeff Carter.
6:56 of 1st period - Goal by Jeff Carter - LOS ANGELES SEALS : 1 - SPOKANE KNIGHTS : 0.
6:57 of 1st period - Patrice Bergeron wins face-off versus Turner Elson in neutral zone.
7:08 of 1st period - Shot by Blake Wheeler.
7:08 of 1st period - Stopped by Carter Hutton without a rebound.
7:09 of 1st period - Patrice Bergeron wins face-off versus Chris Conner in LOS ANGELES SEALS zone.
7:47 of 1st period - Shot by Tyler Johnson.
7:47 of 1st period - Stopped by Mike Smith without a rebound.
7:48 of 1st period - Gaetan Haas wins face-off versus Jack Roslovic in SPOKANE KNIGHTS zone.
7:53 of 1st period - Jeff Carter is hit by Garnet Hathaway.
8:05 of 1st period - Garnet Hathaway is hit by Jack Roslovic and loses puck.
8:23 of 1st period - Garnet Hathaway is hit by Jeff Carter.
9:19 of 1st period - Shot by Patrice Bergeron.
9:19 of 1st period - Shot Blocked by Frank Corrado.
9:21 of 1st period - Shot by Blake Wheeler.
9:21 of 1st period - Shot Misses the Net.
10:25 of 1st period - Shot by Patrick Kane.
10:25 of 1st period - Shot Misses the Net.
10:45 of 1st period - Shot by Sebastian Aho.
10:45 of 1st period - Deflect By Blake Wheeler.
10:45 of 1st period - Stopped by Carter Hutton without a rebound.
10:46 of 1st period - Jack Roslovic wins face-off versus Patrice Bergeron in LOS ANGELES SEALS zone.
11:54 of 1st period - Shot by Sebastian Aho.
11:54 of 1st period - Shot Misses the Net.
13:25 of 1st period - Shot by Jeff Carter.
13:25 of 1st period - Deflect By Marcus Johansson.
13:25 of 1st period - Goal by Marcus Johansson - LOS ANGELES SEALS : 2 - SPOKANE KNIGHTS : 0.
13:26 of 1st period - Chris Conner wins face-off versus Patrice Bergeron in neutral zone.
13:29 of 1st period - Cale Makar is hit by Darren Helm and loses puck.
14:09 of 1st period - Icing by Tyler Johnson.
14:10 of 1st period - Chris Conner wins face-off versus Gaetan Haas in LOS ANGELES SEALS zone.
15:03 of 1st period - Shot by Sebastian Aho.
15:03 of 1st period - Stopped by Carter Hutton without a rebound.
15:04 of 1st period - Blake Wheeler wins face-off versus Turner Elson in LOS ANGELES SEALS zone.
15:13 of 1st period - Shot by Shayne Gostisbehere.
15:13 of 1st period - Stopped by Mike Smith with a rebound.
15:15 of 1st period - Shot by Noah Dobson.
15:15 of 1st period - Stopped by Mike Smith without a rebound.
15:16 of 1st period - Turner Elson wins face-off versus Valeri Nichushkin in SPOKANE KNIGHTS zone.
15:16 of 1st period - Patrick Maroon is hit by Roman Polak and loses puck.
15:29 of 1st period - Shot by Patrick Kane.
15:29 of 1st period - Shot Blocked by Turner Elson.
15:51 of 1st period - Icing by Patrick Maroon.
15:52 of 1st period - Patrice Bergeron wins face-off versus Turner Elson in LOS ANGELES SEALS zone.
15:59 of 1st period - Shot by Patrice Bergeron.
15:59 of 1st period - Shot Blocked by Patrick Maroon.
16:03 of 1st period - Shot by Patrice Bergeron.
16:03 of 1st period - Shot Blocked by Patrick Maroon.
16:13 of 1st period - Shot by Blake Wheeler.
16:13 of 1st period - Stopped by Carter Hutton without a rebound.
16:14 of 1st period - Lias Andersson wins face-off versus Jack Roslovic in LOS ANGELES SEALS zone.
16:46 of 1st period - Shot by Cale Makar.
16:46 of 1st period - Stopped by Carter Hutton without a rebound.
16:47 of 1st period - Patrice Bergeron wins face-off versus Chris Conner in LOS ANGELES SEALS zone.
16:47 of 1st period - Blake Wheeler is hit by Ryan Murray and loses puck.
16:51 of 1st period - Patrice Bergeron is hit by Marcus Pettersson and loses puck.
16:57 of 1st period - Blake Wheeler is hit by Marcus Pettersson and loses puck.
17:07 of 1st period - Blake Wheeler is hit by Marcus Pettersson and loses puck.
17:46 of 1st period - Shot by Patrick Kane.
17:46 of 1st period - Shot Misses the Net.
17:48 of 1st period - Shot by Sebastian Aho.
17:48 of 1st period - Stopped by Carter Hutton without a rebound.
17:49 of 1st period - Sebastian Aho wins face-off versus Jack Roslovic in LOS ANGELES SEALS zone.
18:09 of 1st period - Shot by Patrick Kane.
18:09 of 1st period - Shot Blocked by Jack Roslovic.
18:11 of 1st period - Shot by Sebastian Aho.
18:11 of 1st period - Shot Blocked by Jeff Carter.
18:13 of 1st period - Shot by Sebastian Aho.
18:13 of 1st period - Shot Misses the Net.
18:24 of 1st period - Icing by Noah Dobson.
18:25 of 1st period - Gaetan Haas wins face-off versus Jack Roslovic in LOS ANGELES SEALS zone.
18:28 of 1st period - Shot by Tyler Pitlick.
18:28 of 1st period - Stopped by Carter Hutton with a rebound.
19:13 of 1st period - Shot by Austin Watson.
19:13 of 1st period - Stopped by Mike Smith with a rebound.
Goals for this period are 2 for LOS ANGELES SEALS vs 0 for SPOKANE KNIGHTS.
Shots for this period are 8 for LOS ANGELES SEALS vs 9 for SPOKANE KNIGHTS.

2nd period


0:01 of 2nd period - Sebastian Aho wins face-off versus Jack Roslovic in neutral zone.
0:34 of 2nd period - Shot by Sebastian Aho.
0:34 of 2nd period - Shot Blocked by Noah Dobson.
1:02 of 2nd period - Matthew Tkachuk is hit by Jack Roslovic and loses puck.
1:06 of 2nd period - Minor Penalty to Jeff Carter for Roughing.
1:07 of 2nd period - Tyler Johnson wins face-off versus Patrice Bergeron in LOS ANGELES SEALS zone.
1:23 of 2nd period - Patrice Bergeron is hit by Marcus Pettersson and loses puck.
1:38 of 2nd period - Shot by Victor Hedman.
1:38 of 2nd period - Stopped by Carter Hutton without a rebound.
1:39 of 2nd period - Sebastian Aho wins face-off versus Tyler Johnson in LOS ANGELES SEALS zone.
1:53 of 2nd period - Shot by Patrick Kane.
1:53 of 2nd period - Shot Blocked by Jack Roslovic.
1:55 of 2nd period - Shot by Matthew Tkachuk.
1:55 of 2nd period - Stopped by Carter Hutton without a rebound.
1:56 of 2nd period - Sebastian Aho wins face-off versus Patrick Maroon in LOS ANGELES SEALS zone.
1:57 of 2nd period - Shot by Matthew Tkachuk.
1:57 of 2nd period - Shot Misses the Net.
1:59 of 2nd period - Shot by Patrick Kane.
1:59 of 2nd period - Shot Misses the Net.
2:01 of 2nd period - Shot by Matthew Tkachuk.
2:01 of 2nd period - Stopped by Carter Hutton with a rebound.
2:03 of 2nd period - Shot by Blake Wheeler.
2:03 of 2nd period - Stopped by Carter Hutton without a rebound.
2:04 of 2nd period - Patrick Maroon wins face-off versus Sebastian Aho in LOS ANGELES SEALS zone.
2:04 of 2nd period - Patrick Maroon is hit by Matthew Tkachuk.
3:31 of 2nd period - Austin Watson is hit by Mario Ferraro and loses puck.
4:14 of 2nd period - Shot by Patrice Bergeron.
4:14 of 2nd period - Shot Blocked by Frank Corrado.
4:18 of 2nd period - Shot by Patrice Bergeron.
4:18 of 2nd period - Shot Blocked by Frank Corrado.
4:23 of 2nd period - Patrice Bergeron is hit by Nate Prosser and loses puck.
5:22 of 2nd period - Shot by Patrick Kane.
5:22 of 2nd period - Shot Blocked by Noah Dobson.
5:24 of 2nd period - Shot by Jared Spurgeon.
5:24 of 2nd period - Stopped by Carter Hutton without a rebound.
5:25 of 2nd period - Jack Roslovic wins face-off versus Gaetan Haas in LOS ANGELES SEALS zone.
5:38 of 2nd period - Shot by Jack Roslovic.
5:38 of 2nd period - Stopped by Mike Smith without a rebound.
5:39 of 2nd period - Chris Conner wins face-off versus Sebastian Aho in SPOKANE KNIGHTS zone.
5:51 of 2nd period - Shot by Sebastian Aho.
5:51 of 2nd period - Shot Misses the Net.
6:17 of 2nd period - Shot by Sebastian Aho.
6:17 of 2nd period - Shot Blocked by Marcus Pettersson.
6:31 of 2nd period - Matthew Tkachuk is hit by Tyler Johnson and loses puck.
7:10 of 2nd period - Shot by Jeff Carter.
7:10 of 2nd period - Stopped by Mike Smith without a rebound.
7:11 of 2nd period - Kevin Rooney wins face-off versus Gaetan Haas in SPOKANE KNIGHTS zone.
7:38 of 2nd period - Shot by Austin Watson.
7:38 of 2nd period - Deflect By Kevin Rooney.
7:38 of 2nd period - Shot Misses the Net.
7:40 of 2nd period - Shot by Kevin Rooney.
7:40 of 2nd period - Stopped by Mike Smith without a rebound.
7:41 of 2nd period - Sebastian Aho wins face-off versus Jack Roslovic in SPOKANE KNIGHTS zone.
8:31 of 2nd period - Icing by Jack Roslovic.
8:32 of 2nd period - Jack Roslovic wins face-off versus Patrice Bergeron in LOS ANGELES SEALS zone.
8:46 of 2nd period - Icing by Ryan Murray.
8:47 of 2nd period - Lias Andersson wins face-off versus Chris Conner in LOS ANGELES SEALS zone.
8:59 of 2nd period - Icing by Jared Spurgeon.
9:00 of 2nd period - Lias Andersson wins face-off versus Turner Elson in SPOKANE KNIGHTS zone.
10:20 of 2nd period - Shot by Tyler Johnson.
10:20 of 2nd period - Shot Blocked by Roman Polak.
10:23 of 2nd period - Icing by Roman Polak.
10:24 of 2nd period - Jack Roslovic wins face-off versus Patrice Bergeron in SPOKANE KNIGHTS zone.
10:31 of 2nd period - Shot by Jack Roslovic.
10:31 of 2nd period - Stopped by Mike Smith with a rebound.
10:33 of 2nd period - Shot by Jack Roslovic.
10:33 of 2nd period - Stopped by Mike Smith without a rebound.
10:34 of 2nd period - Jack Roslovic wins face-off versus Sebastian Aho in SPOKANE KNIGHTS zone.
10:45 of 2nd period - Marcus Johansson is hit by Valeri Nichushkin.
11:05 of 2nd period - Icing by Shayne Gostisbehere.
11:06 of 2nd period - Gaetan Haas wins face-off versus Jack Roslovic in LOS ANGELES SEALS zone.
11:38 of 2nd period - Mario Ferraro is hit by Marcus Pettersson and loses puck.
11:55 of 2nd period - Icing by Tyler Pitlick.
11:56 of 2nd period - Gaetan Haas wins face-off versus Turner Elson in SPOKANE KNIGHTS zone.
11:56 of 2nd period - Gaetan Haas is hit by Patrick Maroon.
11:57 of 2nd period - Minor Penalty to Antti Suomela for Slashing.
11:58 of 2nd period - Tyler Johnson wins face-off versus Sebastian Aho in LOS ANGELES SEALS zone.
11:58 of 2nd period - Tyler Johnson is hit by Patrick Kane.
12:19 of 2nd period - Icing by Sebastian Aho.
12:20 of 2nd period - Patrick Kane wins face-off versus Patrick Maroon in SPOKANE KNIGHTS zone.
12:37 of 2nd period - Shot by Blake Wheeler.
12:37 of 2nd period - Shot Misses the Net.
13:09 of 2nd period - Icing by Victor Hedman.
13:10 of 2nd period - Patrice Bergeron wins face-off versus Patrick Maroon in SPOKANE KNIGHTS zone.
13:15 of 2nd period - Shot by Jared Spurgeon.
13:15 of 2nd period - Stopped by Carter Hutton without a rebound.
13:16 of 2nd period - Patrice Bergeron wins face-off versus Patrick Maroon in LOS ANGELES SEALS zone.
13:55 of 2nd period - Shot by Victor Hedman.
13:55 of 2nd period - Shot Misses the Net.
14:28 of 2nd period - Icing by Ryan Murray.
14:29 of 2nd period - Patrice Bergeron wins face-off versus Kevin Rooney in LOS ANGELES SEALS zone.
14:43 of 2nd period - Shot by Austin Watson.
14:43 of 2nd period - Deflect By Emil Bemstrom.
14:43 of 2nd period - Shot Misses the Net.
14:55 of 2nd period - Shot by Patrice Bergeron.
14:55 of 2nd period - Deflect By Blake Wheeler.
14:55 of 2nd period - Stopped by Carter Hutton without a rebound.
14:56 of 2nd period - Jack Roslovic wins face-off versus Sebastian Aho in LOS ANGELES SEALS zone.
14:56 of 2nd period - Jack Roslovic is hit by Patrick Kane.
15:14 of 2nd period - Minor Penalty to Nate Prosser for Hooking.
15:15 of 2nd period - Tyler Johnson wins face-off versus Sebastian Aho in LOS ANGELES SEALS zone.
15:36 of 2nd period - Shot by Patrick Kane.
15:36 of 2nd period - Stopped by Carter Hutton with a rebound.
15:38 of 2nd period - Shot by Cale Makar.
15:38 of 2nd period - Goal by Cale Makar - LOS ANGELES SEALS : 2 - SPOKANE KNIGHTS : 1.
15:39 of 2nd period - Turner Elson wins face-off versus Gaetan Haas in neutral zone.
16:04 of 2nd period - Shot by Garnet Hathaway.
16:04 of 2nd period - Deflect By Tyler Pitlick.
16:04 of 2nd period - Shot Misses the Net.
16:06 of 2nd period - Shot by Tyler Pitlick.
16:06 of 2nd period - Shot Blocked by Frank Corrado.
16:14 of 2nd period - Shot by Garnet Hathaway.
16:14 of 2nd period - Stopped by Carter Hutton without a rebound.
16:15 of 2nd period - Sebastian Aho wins face-off versus Chris Conner in LOS ANGELES SEALS zone.
16:25 of 2nd period - Shot by Tyler Johnson.
16:25 of 2nd period - Stopped by Mike Smith with a rebound.
16:27 of 2nd period - Shot by Darren Helm.
16:27 of 2nd period - Deflect By Tyler Johnson.
16:27 of 2nd period - Shot Misses the Net.
16:29 of 2nd period - Shot by Tyler Johnson.
16:29 of 2nd period - Stopped by Mike Smith without a rebound.
16:30 of 2nd period - Patrice Bergeron wins face-off versus Jack Roslovic in SPOKANE KNIGHTS zone.
16:46 of 2nd period - Minor Penalty to Patrice Bergeron for Hooking.
16:47 of 2nd period - Patrick Maroon wins face-off versus Nick Foligno in SPOKANE KNIGHTS zone.
16:54 of 2nd period - Shot by Patrick Maroon.
16:54 of 2nd period - Shot Misses the Net.
16:56 of 2nd period - Shot by Shayne Gostisbehere.
16:56 of 2nd period - Deflect By Marcus Johansson.
16:56 of 2nd period - Shot Misses the Net.
16:58 of 2nd period - Shot by Patrick Maroon.
16:58 of 2nd period - Stopped by Mike Smith without a rebound.
16:59 of 2nd period - Nick Foligno wins face-off versus Jack Roslovic in SPOKANE KNIGHTS zone.
17:22 of 2nd period - Off-side.
17:23 of 2nd period - Patrick Maroon wins face-off versus Sebastian Aho in neutral zone.
17:42 of 2nd period - Shot by Patrick Maroon.
17:42 of 2nd period - Stopped by Mike Smith with a rebound.
18:31 of 2nd period - Shot by Jack Roslovic.
18:31 of 2nd period - Stopped by Mike Smith without a rebound.
18:32 of 2nd period - Nick Foligno wins face-off versus Jack Roslovic in SPOKANE KNIGHTS zone.
19:26 of 2nd period - Matthew Tkachuk is hit by Austin Watson and loses puck.
Goals for this period are 0 for LOS ANGELES SEALS vs 1 for SPOKANE KNIGHTS.
Shots for this period are 10 for LOS ANGELES SEALS vs 10 for SPOKANE KNIGHTS.

3rd period


0:01 of 3rd period - Chris Conner wins face-off versus Sebastian Aho in neutral zone.
1:25 of 3rd period - Shot by Jeff Carter.
1:25 of 3rd period - Shot Misses the Net.
3:27 of 3rd period - Icing by Nate Prosser.
3:28 of 3rd period - Gaetan Haas wins face-off versus Turner Elson in LOS ANGELES SEALS zone.
4:02 of 3rd period - Icing by Garnet Hathaway.
4:03 of 3rd period - Chris Conner wins face-off versus Gaetan Haas in SPOKANE KNIGHTS zone.
4:12 of 3rd period - Shot by Tyler Johnson.
4:12 of 3rd period - Shot Misses the Net.
4:14 of 3rd period - Shot by Darren Helm.
4:14 of 3rd period - Stopped by Mike Smith without a rebound.
4:15 of 3rd period - Patrice Bergeron wins face-off versus Jack Roslovic in SPOKANE KNIGHTS zone.
5:32 of 3rd period - Roman Polak is hit by Darren Helm.
5:59 of 3rd period - Shot by Patrick Kane.
5:59 of 3rd period - Shot Hit the Post.
6:18 of 3rd period - Austin Watson is hit by Nick Foligno and loses puck.
6:38 of 3rd period - Icing by Jeff Carter.
6:39 of 3rd period - Jack Roslovic wins face-off versus Gaetan Haas in LOS ANGELES SEALS zone.
6:39 of 3rd period - Jack Roslovic is hit by Garnet Hathaway.
6:58 of 3rd period - Jeff Carter is hit by Nick Foligno and loses puck.
7:23 of 3rd period - Victor Hedman is hit by Darren Helm.
7:39 of 3rd period - Minor Penalty to Blake Wheeler for Hooking.
7:40 of 3rd period - Patrick Maroon wins face-off versus Nick Foligno in SPOKANE KNIGHTS zone.
8:18 of 3rd period - Jeff Carter is hit by Valeri Nichushkin and loses puck.
8:24 of 3rd period - Minor Penalty to Tyler Pitlick for Tripping.
8:25 of 3rd period - Patrice Bergeron wins face-off versus Jack Roslovic in SPOKANE KNIGHTS zone.
8:42 of 3rd period - Shot by Jeff Carter.
8:42 of 3rd period - Deflect By Tyler Johnson.
8:42 of 3rd period - Shot Misses the Net.
8:58 of 3rd period - Valeri Nichushkin is hit by Jeff Carter and loses puck.
9:13 of 3rd period - Shot by Patrice Bergeron.
9:13 of 3rd period - Shot Blocked by Marcus Pettersson.
9:15 of 3rd period - Shot by Patrice Bergeron.
9:15 of 3rd period - Stopped by Carter Hutton with a rebound.
9:17 of 3rd period - Shot by Jared Spurgeon.
9:17 of 3rd period - Stopped by Carter Hutton with a rebound.
9:19 of 3rd period - Shot by Patrice Bergeron.
9:19 of 3rd period - Stopped by Carter Hutton with a rebound.
10:16 of 3rd period - Dan Hamhuis is hit by Marcus Johansson and loses puck.
10:25 of 3rd period - Shot by Darren Helm.
10:25 of 3rd period - Shot Misses the Net.
10:27 of 3rd period - Shot by Kevin Rooney.
10:27 of 3rd period - Goal by Kevin Rooney - LOS ANGELES SEALS : 3 - SPOKANE KNIGHTS : 1.
10:28 of 3rd period - Kevin Rooney wins face-off versus Gaetan Haas in neutral zone.
10:34 of 3rd period - Tyler Pitlick is hit by Frank Corrado and loses puck.
10:55 of 3rd period - Shot by Gaetan Haas.
10:55 of 3rd period - Shot Misses the Net.
10:57 of 3rd period - Shot by Roman Polak.
10:57 of 3rd period - Shot Misses the Net.
10:59 of 3rd period - Shot by Cale Makar.
10:59 of 3rd period - Stopped by Carter Hutton without a rebound.
11:00 of 3rd period - Patrice Bergeron wins face-off versus Turner Elson in LOS ANGELES SEALS zone.
11:21 of 3rd period - Shot by Patrick Maroon.
11:21 of 3rd period - Shot Misses the Net.
11:34 of 3rd period - Icing by Victor Hedman.
11:35 of 3rd period - Patrice Bergeron wins face-off versus Kevin Rooney in SPOKANE KNIGHTS zone.
11:35 of 3rd period - Patrice Bergeron is hit by Austin Watson.
11:53 of 3rd period - Icing by Emil Bemstrom.
11:54 of 3rd period - Kevin Rooney wins face-off versus Valeri Nichushkin in LOS ANGELES SEALS zone.
12:04 of 3rd period - Shot by Sebastian Aho.
12:04 of 3rd period - Goal by Sebastian Aho - LOS ANGELES SEALS : 3 - SPOKANE KNIGHTS : 2.
12:05 of 3rd period - Sebastian Aho wins face-off versus Jack Roslovic in neutral zone.
12:49 of 3rd period - Shot by Patrick Kane.
12:49 of 3rd period - Stopped by Carter Hutton without a rebound.
12:50 of 3rd period - Patrice Bergeron wins face-off versus Chris Conner in LOS ANGELES SEALS zone.
13:21 of 3rd period - Shot by Darren Helm.
13:21 of 3rd period - Stopped by Mike Smith without a rebound.
13:22 of 3rd period - Turner Elson wins face-off versus Lias Andersson in SPOKANE KNIGHTS zone.
14:39 of 3rd period - Shot by Patrick Kane.
14:39 of 3rd period - Goal by Patrick Kane - LOS ANGELES SEALS : 3 - SPOKANE KNIGHTS : 3.
14:40 of 3rd period - Patrice Bergeron wins face-off versus Jack Roslovic in neutral zone.
14:45 of 3rd period - Shot by Matthew Tkachuk.
14:45 of 3rd period - Stopped by Carter Hutton with a rebound.
15:06 of 3rd period - Icing by Marcus Pettersson.
15:07 of 3rd period - Sebastian Aho wins face-off versus Jack Roslovic in LOS ANGELES SEALS zone.
15:20 of 3rd period - Shot by Patrick Kane.
15:20 of 3rd period - Stopped by Carter Hutton without a rebound.
15:21 of 3rd period - Patrice Bergeron wins face-off versus Chris Conner in LOS ANGELES SEALS zone.
15:42 of 3rd period - Shot by Matthew Tkachuk.
15:42 of 3rd period - Goal by Matthew Tkachuk - LOS ANGELES SEALS : 3 - SPOKANE KNIGHTS : 4.
15:43 of 3rd period - Sebastian Aho wins face-off versus Jack Roslovic in neutral zone.
16:44 of 3rd period - Off-side.
16:45 of 3rd period - Turner Elson wins face-off versus Patrice Bergeron in neutral zone.
16:45 of 3rd period - Turner Elson is hit by Matthew Tkachuk.
16:52 of 3rd period - Antti Suomela is hit by Victor Hedman and loses puck.
17:00 of 3rd period - Patrick Maroon is hit by Jared Spurgeon.
17:05 of 3rd period - Patrick Maroon is hit by Jared Spurgeon and loses puck.
17:17 of 3rd period - Antti Suomela is hit by Victor Hedman and loses puck.
17:46 of 3rd period - Shot by Darren Helm.
17:46 of 3rd period - Shot Hit the Post.
18:23 of 3rd period - Shayne Gostisbehere is hit by Tyler Pitlick and loses puck.
18:38 of 3rd period - Icing by Darren Helm.
18:39 of 3rd period - Sebastian Aho wins face-off versus Chris Conner in LOS ANGELES SEALS zone.
19:00 of 3rd period - LOS ANGELES SEALS, Carter Hutton is pulled from the net.
19:12 of 3rd period - Sebastian Aho is hit by Marcus Johansson and loses puck.
19:19 of 3rd period - Jeff Carter is hit by Patrick Kane and loses puck.
19:47 of 3rd period - Icing by Victor Hedman.
19:48 of 3rd period - Jack Roslovic wins face-off versus Patrice Bergeron in SPOKANE KNIGHTS zone.
Goals for this period are 1 for LOS ANGELES SEALS vs 3 for SPOKANE KNIGHTS.
Shots for this period are 3 for LOS ANGELES SEALS vs 10 for SPOKANE KNIGHTS.


JOHNNY
GAUDREAU
MATTHEW
BOLDY
OWEN
TIPPETT

EAST COAST

HOCKEY LEAGUE

  • 29.PIT6MAN7
  • 30.ATL6NHW2
  • 31.WOR4PET3
  • 32.3RHI4
  • 33.CHIQUE
  • 34.LIMCHA
  • 35.LONTRV
  • 36.BALCHW